Map: Dédale EC

Players

HoldTheDoor - Winner!

  • Race: Protoss Protoss
  • League: Diamond
  • Spawn Location: 1:00

Mukusleaf

  • Race: Zerg Zerg
  • Spawn Location: 7:00

VOD

Have the link to the VOD?

Description

Time

  • Played on: July 5, 2018, 12:03 p.m.
  • Length: 7:37
Show
View Real Time Build Order
Export as new Build Order

HoldTheDoor Protoss - Winner!

Build Orders: 1 Gate Expand 

Get SALT Encoding   

  12  0:00  Probe  
  13  0:13  Probe  
  14  0:20  Pylon  
  14  0:25  Probe  
  15  0:36  Probe  
  15  0:40  Gateway  
  16  0:45  Assimilator, Probe  
  17  0:53  Probe  
  18  1:04  Probe  
  19  1:24  Nexus  
  19  1:33  Cybernetics Core  
  19  1:35  Probe  
  20  1:42  Assimilator  
  20  1:48  Probe  
  21  1:55  Pylon  
  21  2:00  Probe  
  22  2:10  Warp Gate  
  22  2:12  Probe  
  22  2:13  Adept  
  25  2:24  Probe  
  26  2:31  Gateway  
  26  2:36  Probe  
  27  2:39  Probe  
  28  2:47  Twilight Council  
  28  2:49  Sentry  
  30  2:51  Probe  
  30  2:53  Probe  
  31  3:03  Probe  
  31  3:05  Probe  
  33  3:11  Robotics Facility  
  33  3:14  Pylon  
  33  3:15  Probe  
  33  3:18  Adept  
  36  3:24  Adept  
  36  3:25  Probe  
  39  3:33  Resonating Glaives  
  39  3:35  Probe  
  40  3:41  Probe  
  40  3:44  Pylon  
  40  3:48  Pylon  
  41  3:55  Gateway  
  41  3:58  Probe, Gateway  
  41  4:00  Probe  
  43  4:07  Warp Prism  
  45  4:18  Sentry x2  
  49  4:24  Pylon  
  49  4:26  Probe x2  
  51  4:34  Gateway  
  51  4:37  Immortal, Pylon  
  51  4:42  Adept x2  
  55  4:50  Probe x2  
  61  5:02  Adept x2  
  65  5:09  Pylon  
  65  5:11  Gateway  
  65  5:13  Gateway  
  65  5:14  Adept  
  65  5:15  Adept  
  69  5:24  Immortal  
  73  6:20  Pylon x2  
  73  6:22  Pylon  
  73  6:30  Gateway  
  73  6:32  Gateway  
  73  6:35  Pylon  
  73  6:36  Adept x4  
  73  6:37  Pylon, Adept x3  
  73  6:38  Pylon  
  73  6:39  Pylon  
  87  6:40  Pylon  
  87  6:42  Pylon  
  87  6:44  Pylon  
  87  6:57  Adept x4  
  87  6:58  Adept x3  
  101  7:18  Adept x6  
  101  7:19  Adept  
Show
View Real Time Build Order
Export as new Build Order

Mukusleaf Zerg 

Build Orders: Hatch First 

Get SALT Encoding   

  12  0:01  Drone  
  13  0:12  Overlord  
  13  0:17  Drone  
  14  0:31  Drone x2  
  14  0:35  Drone  
  17  0:55  Hatchery  
  17  0:56  Drone  
  17  1:01  Drone  
  18  1:11  Extractor, Drone  
  18  1:23  Overlord, Spawning Pool  
  17  1:29  Drone  
  18  1:42  Drone  
  19  2:09  Queen  
  19  2:11  Queen  
  23  2:16  Metabolic Boost  
  23  2:17  Zergling x8  
  23  2:20  Drone  
  28  2:31  Drone x2  
  30  2:40  Drone x2  
  32  2:54  Queen  
  34  3:03  Hatchery  
  34  3:05  Drone x3  
  36  3:06  Overlord  
  36  3:20  Overlord  
  36  3:24  Drone  
  36  3:25  Extractor, Drone x2  
  36  3:26  Drone x3  
  42  3:34  Drone x2  
  42  3:41  Drone  
  44  3:46  Drone  
  45  3:57  Drone  
  45  3:59  Drone x4  
  50  4:04  Drone x2  
  50  4:08  Extractor  
  50  4:09  Drone  
  52  4:10  Extractor, Overlord  
  52  4:16  Drone x2  
  53  4:25  Queen  
  53  4:26  Drone x2  
  53  4:27  Drone  
  53  4:28  Overlord x2  
  58  4:54  Drone x8  
  58  4:56  Extractor  
  58  4:57  Extractor  
  64  5:01  Lair  
  64  5:04  Evolution Chamber x2  
  63  5:07  Drone x3  
  63  5:09  Drone  
  66  5:20  Drone x2  
  68  5:34  Zerg Melee Weapons Level 1, Zerg Ground Armor Level 1  
  65  5:47  Drone x12  
  72  5:53  Spore Crawler  
  72  5:55  Spore Crawler  
  70  5:58  Spore Crawler  
  69  6:07  Zergling x2  
  69  6:08  Zergling x12  
  75  6:29  Hatchery, Overseer  
  74  6:33  Extractor  
  74  6:35  Extractor  
  72  6:41  Spire  
  69  6:49  Zergling x28  
  80  7:01  Spine Crawler  
  80  7:03  Spine Crawler  
  80  7:05  Zergling x6  
  80  7:07  Overlord x2  
  80  7:13  Overseer  
  80  7:16  Overlord x2  
Tags
 
Add a new tag
Caveats
  • Supply blocks, unpowered buildings, or Contaminate may cause inaccurate times.
  • Supply counts are checked every 10 seconds.